 Dungeon Crawl Stone Soup version 0.23-a0-644-gb60d84b (webtiles) character file.

7778 Azzok the Severer (level 11, -1/88 HPs)
             Began as a Deep Dwarf Fighter on Jan 1, 2019.
             Was a Priest of Makhleb.
             Slain by an orc warrior
             ... wielding a +0 battleaxe
              (17 damage)
             ... on level 10 of the Dungeon.
             The game lasted 00:18:36 (7829 turns).

Azzok the Severer (Deep Dwarf Fighter)              Turns: 7829, Time: 00:18:36

Health: -1/88      AC: 15    Str: 22    XL:     11   Next: 1%
Magic:  10/10      EV:  4    Int:  8    God:    Makhleb [***...]
Gold:   413        SH:  9    Dex: 14    Spells: 10/10 levels left

rFire    . . .     SeeInvis .   b - +1 war axe (flame)
rCold    . . .     Gourm    +   c - +0 shield
rNeg     . . .     Faith    .   E - +0 plate armour
rPois    .         Spirit   .   x - +0 helmet
rElec    .         Reflect  .   C - +1 cloak
rCorr    .         Harm     .   (no gloves)
MR       ++...                  s - +0 pair of boots
Stlth    ..........             n - amulet of the gourmand
HPRegen  0.00/turn              (no ring)
MPRegen  0.12/turn              (no ring)

@: non-regenerating
A: damage resistance, heal wounds, agile 1, magic resistance 1, sense
surroundings 2, weak 1, no regeneration
a: Heal Wounds, Minor Destruction, Lesser Servant of Makhleb, Renounce Religion


You were on level 10 of the Dungeon.
You worshipped Makhleb.
Makhleb was most pleased with you.
You were completely stuffed.

You visited 2 branches of the dungeon, and saw 11 of its levels.

You collected 413 gold pieces.

Inventory:

Hand Weapons
 b - a +1 war axe of flaming (weapon)
Missiles
 e - a throwing net (quivered)
 m - 6 javelins
Armour
 c - a +0 shield (worn)
 s - a +0 pair of boots (worn)
 x - a +0 helmet (worn)
 C - a +1 cloak (worn)
 E - a +0 plate armour (worn)
Jewellery
 n - an amulet of the gourmand (around neck)
 v - an uncursed ring of ice
Wands
 q - a wand of flame (39)
Scrolls
 a - a scroll of teleportation
 d - a scroll of remove curse
 g - a scroll of fog
 i - 2 scrolls of enchant weapon
 j - a scroll of magic mapping
 l - 4 scrolls of identify
Potions
 h - 3 potions of agility
 k - 4 potions of curing
 o - a potion of berserk rage {unknown}
 p - 2 potions of heal wounds
 r - a potion of ambrosia {unknown}
 t - a potion of brilliance {unknown}
 B - a potion of invisibility
Comestibles
 f - 23 rations
 u - 17 chunks of flesh


   Skills:
 - Level 2.6 Fighting
 + Level 15.3 Axes
 - Level 3.2 Armour
 - Level 3.2 Shields
 + Level 10.8 Evocations


You had 10 spell levels left.
You didn't know any spells.
Your spell library contained the following spells:

 Spells                   Type           Power        Failure   Level  Hunger
 Animate Skeleton         Necr           N/A          100%        1    ##.....
 Apportation              Tloc           #.....       100%        1    ##.....
 Confusing Touch          Hex            #.....       100%        1    ##.....
 Magic Dart               Conj           #...         100%        1    ##.....
 Summon Small Mammal      Summ           #...         100%        1    ##.....
 Blink                    Tloc           N/A          100%        2    ###....
 Call Imp                 Summ           #.......     100%        2    ###....
 Slow                     Hex            #.......     100%        2    ###....
 Conjure Flame            Conj/Fire      #.......     100%        3    ####...
 Mephitic Cloud           Conj/Pois/Air  #.......     100%        3    ####...


Dungeon Overview and Level Annotations

Branches:
Dungeon (10/15)            Temple (1/1) D:7             Orc (0/2) D:9
   Lair: D:8-11

Altars:
Ashenzari
Dithmenos
Fedhas
Gozag
Hepliaklqana
Makhleb
Nemelex Xobeh
Okawaru
Qazlal
Wu Jian
Xom
Zin
The Shining One

Portals:
Trove: D:10 (give +4 shadow dragon scales)


Innate Abilities, Weirdness & Mutations

You are resistant to damage.
You can heal yourself by infusing magical energy.
You passively map the area around you.
You do not regenerate.
You are agile. (Dex +2)
You are resistant to hostile enchantments. (MR+)
You are weak. (Str -2)


Message History

You slash the centaur skeleton! You burn the centaur skeleton.
You destroy the centaur skeleton!
Makhleb accepts your kill.
You feel better.
You hit the orc warrior. You burn the orc warrior.
The orc warrior is lightly wounded.
The orc warrior hits you with a +0 battleaxe!!
The orc wizard mumbles some strange words.
The orc wizard flickers and vanishes!
Deactivating autopickup; reactivate with Ctrl-A.
You hit the orc warrior. You burn the orc warrior.
The orc warrior is moderately wounded.
The orc warrior hits you with a +0 battleaxe!
* * * LOW HITPOINT WARNING * * *
You hit the orc warrior but do no damage.
The orc warrior is moderately wounded.
You hit the orc warrior but do no damage.
The orc warrior is moderately wounded.
The orc warrior hits you with a +0 battleaxe!!
You die...

░ ░░ ▒/······▒▒ ◦ ░░ ░
▒········▒ ◦ ◦▒······)·
▒·▒······· ◦ ░Z· ·····
◦░ ◦ ··◦·o{ ▒▒╬▒▒ ░ ◦░▒·
▒o▒ ░ ▒▒···▒▒ ▒·▒▒@▒
▒▒·····▒▒ ◦░▒····▒
▒▒·······▒▒
▒·▒▒▒·>·▒▒▒▒·········▒▒▒
▒··········'·········'··
▒··▒▒···▒·▒▒·········▒▒▒
▒·$·····▒·▒▒▒·······▒▒
▒▒·▒▒·▒▒▒·▒ ▒▒·····▒▒ ▒
▒··░ ▒·▒ ▒▒···▒▒ ▒·▒ ▒·▒
▒▒╬▒▒


You could see an orc warrior and an orc.

Vanquished Creatures
  Erolcha (D:10)
  Fannar (D:10)
  A two-headed ogre (D:10)
  Sigmund (D:3)
  A vampire (D:8)
  A wyvern (D:10)
  A steam dragon (D:10)
  Edmund (D:5)
  A two-headed ogre zombie (D:9)
  2 black bears
  3 ice beasts
  4 orc warriors
  6 phantoms
  5 ogres
  2 centaurs
  A big kobold (D:8)
  A gnoll sergeant (D:5)
  6 bullfrogs
  2 wyvern skeletons
  A scorpion (D:5)
  A troll zombie (D:9)
  2 howler monkeys
  A centaur zombie (D:9)
  4 crimson imps
  A hound (D:5)
  4 bullfrog skeletons
  2 centaur skeletons
  3 jellies
  12 orc priests
  10 orc wizards
  Jessica (D:3)
  6 iguanas
  10 worker ants
  A killer bee zombie (D:7)
  6 ogre zombies (D:9)
  2 hound zombies
  Robin (D:4)
  14 gnolls (D:5)
  14 adders
  4 oozes
  2 adder zombies
  2 adder skeletons
  3 worms
  2 dart slugs (D:1)
  4 leopard geckos
  48 orcs
  3 giant cockroaches
  18 goblins
  12 hobgoblins
  7 jackals
  7 kobolds
  2 quokkas
  2 ball pythons
  8 bats
  A goblin skeleton (D:9)
  2 goblin zombies (D:9)
  A hobgoblin skeleton (D:9)
  4 hobgoblin zombies (D:9)
  A leopard gecko skeleton (D:4)
  3 orc skeletons (D:9)
  14 orc zombies (D:9)
  A quokka zombie (D:5)
  13 rats
  A bush (D:7)
302 creatures vanquished.

Notes
Turn   | Place    | Note
-------+----------+-------------------------------------------
     0 | D:1      | Azzok the Deep Dwarf Fighter began the quest for the Orb.
     0 | D:1      | Reached XP level 1. HP: 20/20 MP: 1/1
   261 | D:1      | Reached skill level 3 in Axes
   263 | D:1      | Reached XP level 2. HP: 27/27 MP: 2/2
   448 | D:1      | Reached XP level 3. HP: 33/33 MP: 3/3
   815 | D:1      | Reached skill level 4 in Axes
  1052 | D:2      | Reached XP level 4. HP: 23/40 MP: 4/4
  1200 | D:2      | Reached skill level 5 in Axes
  1451 | D:3      | Noticed Jessica
  1470 | D:3      | Killed Jessica
  1498 | D:3      | Reached XP level 5. HP: 24/46 MP: 5/5
  1591 | D:3      | Reached skill level 6 in Axes
  1900 | D:3      | Noticed Sigmund
  1926 | D:3      | Killed Sigmund
  1926 | D:3      | Reached skill level 7 in Axes
  1926 | D:3      | Reached XP level 6. HP: 9/55 MP: 4/4
  2681 | D:4      | Reached skill level 8 in Axes
  2686 | D:4      | Reached XP level 7. HP: 28/61 MP: 5/5
  2795 | D:4      | Noticed Robin
  2818 | D:4      | Killed Robin
  3484 | D:5      | Entered Level 5 of the Dungeon
  3493 | D:5      | Reached skill level 9 in Axes
  3569 | D:5      | Noticed Edmund
  3602 | D:5      | Killed Edmund
  3622 | D:5      | Reached skill level 10 in Axes
  3762 | D:5      | Reached XP level 8. HP: 37/68 MP: 5/5
  4034 | D:5      | Reached skill level 11 in Axes
  4362 | D:6      | Reached skill level 12 in Axes
  4650 | D:6      | Gained mutation: You are agile. (Dex +2) [potion of
                  | mutation]
  4650 | D:6      | Gained mutation: You are weak. (Str -2) [potion of
                  | mutation]
  4650 | D:6      | Gained mutation: You are resistant to hostile enchantments.
                  | (MR+) [potion of mutation]
  4670 | D:6      | Gained mutation: You passively map the area around you.
                  | [Deep Dwarf growth]
  4670 | D:6      | Reached XP level 9. HP: 17/74 MP: 1/1
  5235 | D:7      | Reached skill level 13 in Axes
  5235 | D:7      | Reached skill level 1 in Evocations
  5574 | D:7      | Found a staircase to the Ecumenical Temple.
  5583 | Temple   | Entered the Ecumenical Temple
  5610 | Temple   | Became a worshipper of Makhleb the Destroyer
  6357 | D:8      | Reached skill level 5 in Evocations
  6696 | D:8      | Reached * piety under Makhleb
  6734 | D:8      | Found a blossoming altar of Fedhas.
  6761 | D:8      | Reached skill level 14 in Axes
  6971 | D:8      | Reached XP level 10. HP: 41/81 MP: 5/7
  7250 | D:9      | Found a staircase to the Orcish Mines.
  7275 | D:9      | Reached ** piety under Makhleb
  7538 | D:10     | Entered Level 10 of the Dungeon
  7546 | D:10     | Noticed Erolcha
  7567 | D:10     | Killed Erolcha
  7612 | D:10     | Noticed Fannar
  7627 | D:10     | Reached *** piety under Makhleb
  7643 | D:10     | Killed Fannar
  7643 | D:10     | Reached skill level 15 in Axes
  7643 | D:10     | Reached skill level 10 in Evocations
  7674 | D:10     | Noticed a two-headed ogre
  7697 | D:10     | Killed a two-headed ogre
  7733 | D:10     | Found a portal to a secret trove of treasure.
  7795 | D:10     | Reached XP level 11. HP: 48/88 MP: 10/10
  7829 | D:10     | Slain by an orc warrior

Vault maps used:
D:1:      ebering_hopf_link, minmay_vboxes
D:3:      first_ration, uniq_jessica, uniq_sigmund
D:4:      uniq_robin
D:5:      sigmund_army, uniq_edmund
D:7:      minmay_temple_entry_mist, kb_lookout_dungeons_type
D:8:      lemuel_round_altar, blue_anna_alchemist
D:9:      zombieorc2_lemuel
D:10:     nicolae_trove_entry_crystal, uniq_fannar, uniq_erolcha, uniq_urug
Temple:   nicolae_temple_the_god_donut

Skill      XL: |  1  2  3  4  5  6  7  8  9 10 |
---------------+-------------------------------+-----
Axes           | 3 4 5 7 8 10 12 14 15 | 15.3
Evocations     | 6 10 | 10.8
Fighting       | |  2.6
Armour         | |  3.2
Shields        | |  3.2

Action                   |  1- 3 |  4- 6 |  7- 9 | 10-12 || total
-------------------------+-------+-------+-------+-------++-------
Melee: War axe           |   118 |   148 |   573 |   260 ||  1099
Throw: Throwing net      |       |       |     3 |       ||     3
       Javelin           |       |       |     1 |       ||     1
 Abil: Heal Wounds       |       |     4 |    16 |     4 ||    24
Evoke: Wand              |       |       |     6 |       ||     6
  Use: Scroll            |       |       |    14 |       ||    14
       Potion            |       |       |     5 |       ||     5
  Eat: Chunk             |     1 |     4 |    27 |     4 ||    36
Armor: Scale mail        |    62 |    50 |    94 |       ||   206
       Plate armour      |       |       |   147 |   115 ||   262
Dodge: Dodged            |    46 |    43 |   116 |    28 ||   233
Block: Shield            |    79 |    72 |   230 |    71 ||   452

Table legend:
 A = Non-vault XP
 B = Vault XP
 C = Vault XP percentage of total XP
 D = Non-vault monster count
 E = Vault monster count
 F = Vault count percentage of total count
                 A         B        C        D         E       F
            +---------+---------+-------+---------+---------+-------
      Total |    7682 |    3430 |  30.9 |     233 |      68 |  22.6
            +---------+---------+-------+---------+---------+-------
        D:1 |      31 |      14 |  31.1 |      16 |       8 |  33.3
        D:2 |      69 |       0 |   0.0 |      19 |       0 |   0.0
        D:3 |     173 |     257 |  59.8 |      29 |       2 |   6.5
        D:4 |     278 |      36 |  11.5 |      10 |      13 |  56.5
        D:5 |     874 |     208 |  19.2 |      33 |       5 |  13.2
        D:6 |    1165 |       0 |   0.0 |      32 |       0 |   0.0
        D:7 |    1074 |     118 |   9.9 |      30 |       1 |   3.2
        D:8 |    1066 |     100 |   8.6 |      21 |       1 |   4.5
        D:9 |     923 |     687 |  42.7 |      26 |      36 |  58.1
       D:10 |    2029 |    2010 |  49.8 |      17 |       2 |  10.5
            +---------+---------+-------+---------+---------+-------
